 Dungeon Crawl Stone Soup version 0.21.0 (webtiles) character file.

2274 bombasticus the Cudgeler (level 9, -2/55 HPs)
             Began as a Gargoyle Berserker on Jan 17, 2018.
             Was a Priest of Trog.
             Slain by a slave (5 damage)
             ... led by Pikel
             ... on level 8 of the Dungeon.
             The game lasted 00:19:07 (6074 turns).

bombasticus the Cudgeler (Gargoyle Berserker)       Turns: 6074, Time: 00:19:08

Health: -2/55      AC: 20    Str: 23    XL:     9   Next: 39%
Magic:  9/9        EV: 12    Int:  9    God:    Trog [***...]
Gold:   332        SH:  0    Dex:  9    Spells: 8/8 levels left

rFire    . . .     SeeInvis .   A - +2 mace (protect)
rCold    . . .     Gourm    .   (no shield)
rNeg     + . .     Faith    .   g - +0 ring mail (curse)
rPois    ∞         Spirit   .   B - +1 hat
rElec    +         Reflect  .   (no cloak)
rCorr    .         Harm     .   (no gloves)
MR       ++...     Rnd*Tele +   (no boots)
Stlth    ++........             (no amulet)
HPRegen  1.18/turn              E - ring of stealth
MPRegen  0.11/turn              t - ring of teleportation (curse)

@: protection aura, berserk cooldown, regenerating, slowed, very slow
A: negative energy resistance 1, electricity resistance, unbreathing,
petrification resistance, rot immunity, AC +6
a: Berserk, Trog's Hand, Burn Spellbooks, Renounce Religion


You were on level 8 of the Dungeon.
You worshipped Trog.
Trog was most pleased with you.
You were near starving.

You visited 1 branch of the dungeon, and saw 8 of its levels.
You also visited: Sewer.

You collected 332 gold pieces.

Inventory:

Hand Weapons
 a - a +0 falchion
 o - a +2 dagger of holy wrath
 p - a +0 hunting sling
 A - a +2 mace of protection (weapon)
 L - a +2 dagger of speed
Missiles
 r - 98 sling bullets (quivered)
Armour
 b - a +0 animal skin
 g - a cursed +0 ring mail (worn)
 s - a +0 ring mail
 v - a cursed +0 plate armour
 B - a +1 hat (worn)
 D - the +1 leather armour "Loanotor" {Slay+2, unknown}
   (You found it on level 4 of the Dungeon)

   It affects your accuracy and damage with ranged weapons and melee attacks
   (+2).
 N - a +0 helmet
Jewellery
 m - an uncursed ring of protection from fire
 t - a cursed ring of teleportation (right hand)
 E - a ring of stealth (left hand)
Wands
 z - a wand of acid (6)
 C - a wand of random effects (7)
Scrolls
 d - 2 scrolls of immolation {unknown}
 e - a scroll of fear {unknown}
 f - 5 scrolls of teleportation
 h - 5 scrolls of enchant weapon
 x - a scroll of magic mapping {unknown}
 y - 4 scrolls of remove curse
 G - a scroll of fog {unknown}
 I - a scroll of blinking {unknown}
Potions
 i - 2 potions of heal wounds
 j - 4 potions of flight
 l - 2 potions of might
 n - 4 potions of curing
 q - 2 potions of haste
 u - 2 potions of resistance
 w - a potion of magic {unknown}
 F - a potion of ambrosia {unknown}
 H - a potion of agility {unknown}
 J - a potion of mutation {unknown}
 K - a potion of invisibility {unknown}
Comestibles
 c - 18 rations
 M - 3 chunks of flesh


   Skills:
 + Level 5.9 Fighting
 + Level 4.4 Long Blades
 + Level 7.5 Maces & Flails
 + Level 2.4 Slings
 + Level 5.4 Armour
 + Level 4.0 Dodging
 + Level 1.9 Stealth


You had 8 spell levels left.
You didn't know any spells.

Dungeon Overview and Level Annotations

Branches:
Dungeon (8/15)             Temple (0/1) D:4
   Lair: D:8-11

Altars:
Ashenzari
Dithmenos
Elyvilon
Gozag
Makhleb
Nemelex Xobeh
Sif Muna
Uskayaw
Vehumet
Yredelemnul

Shops:
D:6 (

Annotations:
D:8 Pikel


Innate Abilities, Weirdness & Mutations

You are resistant to torment.
Your stone body is resilient. (AC +6)
You are immune to poison.
You resist negative energy. (rN+)
You are resistant to electric shocks. (rElec)
You can survive without breathing.
You are immune to petrification.
You are immune to rotting.


Message History

The slave closely misses you.
The centaur zombie hits you but does no damage.
The slave hits you. x2; Pikel misses you.
The slave hits you but does no damage. The slave closely misses you.
The centaur zombie misses you. Pikel hits you with a whip of flaming.
* * * LOW HITPOINT WARNING * * *
Pikel burns you.
* * * LOW HITPOINT WARNING * * *
The slave closely misses you. The slave hits you.
* * * LOW HITPOINT WARNING * * *
You barely miss Pikel.
Pikel is almost dead.
The centaur zombie closely misses you.
The slave hits you but does no damage. x2
The slave closely misses you. The slave completely misses you.
Pikel barely misses you. The centaur zombie closely misses you.
The slave hits you!
* * * LOW HITPOINT WARNING * * *
The slave hits you but does no damage. The slave closely misses you.
The slave hits you.
You die...

#.## #..#
#######
#..##......#
#..........#
#...........
#...........
#...pp......
#.<.@KZ.....
#..Zpp......
#...H.......
#...........
##........(.
#..........
.........##
#........##


You could see a hippogriff, Pikel, 4 slaves, a centaur zombie and a hound
skeleton.

Vanquished Creatures
  The ghost of Kave the Ruffian, a novice TrTm of Sif Muna (D:7)
  The ghost of killcat the Charmwright, an amateur MfSk (D:4)
  An ice beast (D:6)
  A sky beast (D:6)
  An ogre (D:4)
  2 bullfrogs
  A big kobold (Sewer)
  3 scorpions
  A howler monkey (D:6)
  A centaur zombie (D:5)
  A crimson imp (D:6)
  3 hounds
  4 orc priests
  Ijyb (D:4)
  3 orc wizards
  6 worker ants
  2 hound skeletons
  A howler monkey skeleton (D:6)
  8 gnolls
  5 adders
  4 river rats
  2 shadow imps
  An ooze (D:3)
  An adder zombie (D:5)
  2 adder skeletons
  4 worms
  2 dart slugs (D:1)
  A leopard gecko (D:1)
  14 orcs
  8 giant cockroaches
  8 goblins
  6 hobgoblins
  3 jackals
  4 quokkas
  3 bats
  6 frilled lizards
  7 kobolds
  A leopard gecko zombie (D:5)
  15 rats
139 creatures vanquished.

Vanquished Creatures (others)
  A quokka (D:4)
1 creature vanquished.

Grand Total: 140 creatures vanquished

Notes
Turn   | Place    | Note
-------+----------+-------------------------------------------
     0 | D:1      | bombasticus the Gargoyle Berserker began the quest for the Orb.
     0 | D:1      | Reached XP level 1. HP: 14/14 MP: 1/1
   210 | D:1      | Reached XP level 2. HP: 15/19 MP: 2/2
   523 | D:1      | Reached ** piety under Trog
   577 | D:1      | Reached XP level 3. HP: 23/23 MP: 3/3
  1426 | D:2      | Found a burning altar of Makhleb.
  1426 | D:2      | Noticed a balrug
  1429 | D:2      | Noticed a ynoxinul
  1429 | D:2      | Noticed a ynoxinul
  1686 | D:3      | Found an opulent altar of Gozag.
  1748 | D:3      | Reached XP level 4. HP: 28/28 MP: 4/4
  1758 | D:3      | Reached skill level 1 in Slings
  1861 | D:3      | Reached XP level 5. HP: 30/33 MP: 5/5
  2221 | D:3      | Found a glowing drain.
  2225 | Sewer    | Entered a sewer
  2564 | Sewer    | Noticed a big kobold
  2603 | Sewer    | Killed a big kobold
  2603 | Sewer    | Reached XP level 6. HP: 32/38 MP: 6/6
  2621 | Sewer    | Found a glowing silver altar of Zin.
  2899 | D:4      | Found a staircase to the Ecumenical Temple.
  2915 | D:4      | Reached skill level 1 in Maces & Flails
  3160 | D:4      | Found a hide-covered altar of Uskayaw.
  3174 | D:4      | Reached *** piety under Trog
  3222 | D:4      | Noticed Ijyb
  3239 | D:4      | Reached skill level 2 in Maces & Flails
  3246 | D:4      | Killed Ijyb
  3246 | D:4      | Reached XP level 7. HP: 43/43 MP: 7/7
  3280 | D:4      | Got a brightly glowing leather armour
  3469 | D:4      | Found a white marble altar of Elyvilon.
  3519 | D:4      | Noticed killcat's ghost (amateur MfSk)
  3530 | D:4      | Killed killcat's ghost
  3530 | D:4      | Reached skill level 3 in Maces & Flails
  3618 | D:4      | Found a basalt altar of Yredelemnul.
  3673 | D:4      | Found a deep blue altar of Sif Muna.
  3677 | D:4      | Found a sparkling altar of Nemelex Xobeh.
  3769 | D:5      | Entered Level 5 of the Dungeon
  3951 | D:5      | Found a radiant altar of Vehumet.
  4132 | D:5      | Reached skill level 4 in Maces & Flails
  4188 | D:5      | Reached XP level 8. HP: 39/48 MP: 8/8
  4266 | D:5      | Received a gift from Trog
  4650 | D:6      | Reached skill level 5 in Fighting
  4650 | D:6      | Reached skill level 5 in Maces & Flails
  4967 | D:6      | Reached skill level 6 in Maces & Flails
  4967 | D:6      | Reached skill level 1 in Stealth
  5099 | D:6      | Found a shadowy altar of Dithmenos.
  5106 | D:6      | Reached **** piety under Trog
  5232 | D:6      | Found Ywohir's Weapon Shoppe.
  5389 | D:7      | Reached skill level 5 in Armour
  5470 | D:7      | Found a shattered altar of Ashenzari.
  5587 | D:7      | Noticed Kave's ghost (novice TrTm)
  5610 | D:7      | Killed Kave's ghost
  5610 | D:7      | Reached skill level 7 in Maces & Flails
  5610 | D:7      | Reached XP level 9. HP: 44/55 MP: 9/9
  6054 | D:8      | Noticed Pikel
  6074 | D:8      | Slain by a slave

Skill      XL: |  1  2  3  4  5  6  7  8 |
---------------+-------------------------+-----
Long Blades    | 3 4 |  4.4
Slings         | 1 2 |  2.4
Dodging        | 2 3 4 |  4.0
Fighting       | 4 5 |  5.9
Armour         | 3 4 5 |  5.4
Maces & Flails | 2 4 7 |  7.5
Stealth        | 1 |  1.9

Action                   |  1- 3 |  4- 6 |  7- 9 || total
-------------------------+-------+-------+-------++-------
Melee: Falchion          |    86 |    68 |       ||   154
       Mace              |       |    94 |   340 ||   434
 Fire: Hunting sling     |    22 |    67 |       ||    89
Invok: Berserk           |       |     2 |     6 ||     8
       Trog's Hand       |       |       |     3 ||     3
       Burn Spellbooks   |       |       |     1 ||     1
  Use: Scroll            |       |       |     8 ||     8
 Stab: Sleeping          |       |       |     2 ||     2
  Eat: Chunk             |     3 |     2 |    16 ||    21
       Ration            |       |     1 |       ||     1
Armor: Animal skin       |     5 |       |       ||     5
       Ring mail         |    42 |   135 |   271 ||   448
Dodge: Dodged            |    85 |   176 |   329 ||   590
       Rpst.: Falchion   |    22 |    14 |       ||    36
